 Dungeon Crawl Stone Soup version 0.27.1-34-g3ba077fa99 (webtiles) character file.

Game seed: 12022996811928159890

39 Hywel the Gusty (level 3, -4/26 HPs)
             Began as a Draconian Air Elementalist on Jan 8, 2022.
             Slain by Terence (9 damage)
             ... on level 2 of the Dungeon.
             The game lasted 00:10:03 (1431 turns).

Hywel the Gusty (Draconian Air Elementalist)        Turns: 1431, Time: 00:10:03

Health: -4/26      AC:  5    Str: 10    XL:     3   Next: 26%
Magic:  0/6        EV: 12    Int: 16    God:
Gold:   100        SH:  0    Dex: 11    Spells: 2/6 levels left

rFire    . . .     SeeInvis .   a - +0 dagger
rCold    . . .     Faith    .   (no shield)
rNeg     . . .     Spirit   .   (armour unavailable)
rPois    .         Reflect  .   (helmet restricted)
rElec    .         Harm     .   (no cloak)
rCorr    .         Rampage  .   (no gloves)
Will     .....                  (no boots)
Stlth    ++........             (no amulet)
HPRegen  0.08/turn              (no ring)
MPRegen  0.10/turn              (no ring)

@: very slightly contaminated
A: AC +5, unfitting armour, cold-blooded
a: no special abilities


You were on level 2 of the Dungeon.
You visited 1 branch of the dungeon, and saw 3 of its levels.

You collected 100 gold pieces.

Inventory:

Hand Weapons
 a - a +0 dagger (weapon)
Scrolls
 c - a scroll of magic mapping {unknown}
 d - a scroll of enchant armour {unknown}
 e - a scroll of teleportation {unknown}


   Skills:
 + Level 0.7 Short Blades
 + Level 2.2 Dodging
 + Level 2.0 Stealth
 + Level 2.3 Spellcasting
 + Level 1.3 Conjurations
 + Level 3.4 Air Magic


You had 2 spell levels left.
You knew the following spells:

 Your Spells              Type           Power      Damage    Failure   Level
a - Shock                 Conj/Air       36%        1d5       8%          1
b - Static Discharge      Conj/Air       9%         N/A       12%         2
c - Pain                  Necr           4%         1d4       21%         1

Your spell library contained the following spells:

 Spells                   Type           Power      Damage    Failure   Level
 Swiftness                Air            12%        N/A       14%         3
 Airstrike                Air            6%         N/A       43%         4
 Agony                    Necr           1%         N/A       99%         5
 Excruciating Wounds      Necr           0%         N/A       99%         5


Dungeon Overview and Level Annotations

Branches:
Dungeon (3/15)

Altars:
Xom

Annotations:
D:2 Terence


Innate Abilities, Weirdness & Mutations

Your plain brown scales are hard. (AC +5)
You cannot fit into any form of body armour.
You are cold-blooded and may be slowed by cold attacks.


Message History

You hit Terence but do no damage.
Terence is severely wounded.
Terence hits you with a +0 flail of protection!
You barely miss Terence.
Terence is severely wounded.
Terence hits you with a +0 flail of protection!
Hit: a) +0 dagger
Press: ? - help, Dir - move target, f - Terence
Aim: Terence, wielding a +0 flail of protection and wearing a +0 scale mail (severely wounded, about 36% to evade your +0 dagger)
Okay, then.
Casting: Static Discharge (safe; 12% risk of failure)
Confirm with . or Enter, or press ? or * to list all spells.
Aiming: Pain (safe; 21% risk of failure)
Press: ? - help, Shift-Dir - straight line, f - Terence
Aim: Terence, wielding a +0 flail of protection and wearing a +0 scale mail (severely wounded, chance to affect: 44%)
You miscast Pain.
You are very lightly contaminated with residual magic.
Nothing appears to happen.
Terence completely misses you.
Casting: Pain (safe; 21% risk of failure)
Confirm with . or Enter, or press ? or * to list all spells.
Okay, then.
You hit Terence.
Terence is severely wounded.
Terence misses you.
You closely miss Terence.
You tail-slap Terence, but do no damage.
Terence is severely wounded.
Terence hits you but does no damage.
You closely miss Terence. You tail-slap Terence.
Terence is almost dead.
Terence says, "You're history."
Terence hits you but does no damage.
You hit Terence but do no damage.
Terence is almost dead.
Terence hits you with a +0 flail of protection.
* * * LOW HITPOINT WARNING * * *
You hit Terence but do no damage.
Terence is almost dead.
Terence hits you with a +0 flail of protection!
You die...

....#
#................#
#####
#......†.........#
#.....††.........#
#................#
#.#####..........#
#.# #..........#
#.#####...########
#.........#
#####...@@#
#.#...# #.#...#
#.#.#.# #.#.#####
#.#.....#
#.#####.#
#.#..##.#
#.#..##.#


You could see Terence.

Vanquished Creatures
  An adder (D:2)
  4 ball pythons
  2 bats (D:1)
  3 endoplasms (D:2)
  2 goblins (D:2)
  2 hobgoblins (D:2)
  4 quokkas
  3 frilled lizards
  3 kobolds
  4 rats
28 creatures vanquished.

Notes
Turn   | Place    | Note
-------+----------+-------------------------------------------
     0 | D:1      | Hywel the Draconian Air Elementalist began the quest for
                  | the Orb.
     0 | D:1      | Reached XP level 1. HP: 14/14 MP: 3/3
   563 | D:1      | You fall into a shaft and drop 1 floor!
   563 | D:2      | Found a shimmering altar of Xom.
   576 | D:2      | Reached XP level 2. HP: 18/20 MP: 1/5
   838 | D:2      | Learned a level 2 spell: Static Discharge
   840 | D:2      | Learned a level 1 spell: Pain
   971 | D:2      | Reached XP level 3. HP: 23/26 MP: 3/6
  1402 | D:3      | Noticed Terence
  1431 | D:2      | Slain by Terence

Illustrated notes

Levels and vault maps discovered:
D:1:      amcnicky_arrival_wind_blow, layout_basic,
          hellmonk_ecumenical_altar_prayer_group
D:2:      layout_basic, basic_altar
D:3:      layout_rooms, uniq_terence

Skill      XL: |  1 |
---------------+----+-----
Dodging        | 2 |  2.2
Stealth        | 2 |  2.0
Short Blades   | |  0.7
Spellcasting   | |  2.3
Conjurations   | |  1.3
Air Magic      | |  3.4

Action                   || total
-------------------------++-------
Melee: Dagger            ||    60
       Tailslap          ||     4
 Cast: Shock             ||    39
       Static Discharge  ||     4
       Pain              ||     3
  Use: Potion            ||     1
Armor: Skin              ||    11
Dodge: Dodged            ||    40
